 Dungeon Crawl Stone Soup version 0.32-a0-953-g508020473e (webtiles) character file.

Game seed: 14797569413145073437

2782 bananaken the Skirmisher (level 9, -4/108 HPs)
             Began as a Coglin Hunter on Apr 17, 2024.
             Was an Initiate of Okawaru.
             Slain by an acid dragon (11 damage)
             ... on level 8 of the Dungeon.
             The game lasted 00:19:40 (6185 turns).

bananaken the Skirmisher (Coglin Hunter)            Turns: 6185, Time: 00:19:40

Health: -4/108     AC: 16    Str: 11    XL:     9   Next: 70%
Magic:  9/9        EV:  2    Int:  8    God:    Okawaru [......]
Gold:   376        SH:  0    Dex: 23    Spells: 6/8 levels left

rFire   . . .        a - +4 sling (chaos) {Clara}
rCold   . . .        d - +0 sling {Ikko}
rNeg    . . .        c - melded +1 leather armour
rPois   +            f - melded +1 helmet of the Eternal Fruit {rPois rC+ Str+3}
rElec   .            (cloak currently unavailable)
rCorr   .            (gloves currently unavailable)
SInv    .            (boots currently unavailable)
Will    .....        (amulet unavailable)
Stlth   ++           (ring unavailable)
HPRegen 0.38/turn    (ring unavailable)
MPRegen 0.11/turn    (no gizmo)

%: no passive effects
@: brilliant, tree-form, corroded, studying Alchemy, revved
A: stationary, stasis, torment immunity, boosted hp, off-hand wielding, slow
wielding, warmup strikes, no jewellery
a: Invent Gizmo, Renounce Religion


You were on level 8 of the Dungeon.
You worshipped Okawaru.
Okawaru was noncommittal.
You were a tree.
You visited 1 branch of the dungeon, and saw 8 of its levels.
You also visited: Sewer.

You collected 376 gold pieces.

Inventory:

Hand Weapons
 a - a +4 sling of chaos (weapon) {Clara}
 d - a +0 sling (offhand) {Ikko}
Missiles
 q - 3 throwing nets
Armour
 c - a +1 leather armour (melded)
 f - the +1 helmet of the Eternal Fruit (melded) {rPois rC+ Str+3}
   (You took it off Robin on level 2 of the Dungeon)

   Str+3:     It affects your strength (+3).
   rC+:       It protects you from cold.
   rPois:     It protects you from poison.
 g - a +0 chain mail
Wands
 r - a wand of flame (38) (quivered)
Scrolls
 b - a scroll of butterflies
 e - a scroll of poison
 n - a scroll of enchant armour
 p - 2 scrolls of revelation
 t - 3 scrolls of teleportation
Potions
 h - 2 potions of resistance
 j - a potion of curing
 k - a potion of lignification
 o - a potion of might {unknown}
 s - a potion of brilliance
 v - 2 potions of haste
 w - 3 potions of magic
 z - a potion of ambrosia {unknown}
 A - a potion of attraction
 D - a potion of heal wounds {unknown}


   Skills:
 - Level 7.0 Fighting
 + Level 8.7 Ranged Weapons
 - Level 3.6 Dodging
 - Level 2.0 Stealth
 + Level 7.7 Alchemy
 + Level 0.4 Invocations
 - Level 3.1 Evocations


You had 6 spell levels left.
You knew the following spells:

 Your Spells              Type           Power      Damage    Failure   Level
a - Mercury Vapours       Alch/Air       18%        N/A       14%         2

Your spell library contained the following spells:

 Spells                   Type           Power      Damage    Failure   Level
 Foxfire                  Conj/Fire      0%         2x1d4     41%         1
 Sandblast                Erth           0%         2d4       41%         1
 Mephitic Cloud           Conj/Alch/Air  6%         N/A       43%         3
 Passwall                 Erth           0%         N/A       78%         3
 Sigil of Binding         Hex            0%         N/A       78%         3
 Stone Arrow              Conj/Erth      0%         3d7       78%         3
 Dimensional Bullseye     Hex/Tloc       0%         N/A       99%         4
 Freezing Cloud           Conj/Ice/Air   0%         6-21      100%        5
 Plasma Beam              Fire/Air       0%         2x1d10    100%        6
 Starburst                Conj/Fire      0%         6d3       100%        6
 Call Canine Familiar     Summ           Unusable   N/A       N/A         3

Dungeon Overview and Level Annotations

Branches:
Dungeon (8/15)             Temple (0/1) D:7           Sewer (visited)
   Lair: D:8-11

Altars:
Cheibriados
Dithmenos
Fedhas
Gozag
Kikubaaqudgha
Makhleb
Nemelex Xobeh
Okawaru
Trog
Xom
Yredelemnul
Zin
The Shining One

Shops:
D:2 =   D:4 [

Annotations:
D:6 2 runed translucent doors


Innate Abilities, Weirdness & Mutations

You are a tree.
Your roots penetrate the ground, keeping you stationary.
You cannot be teleported.
You are immune to unholy pain and torment.
Your maximum health is greatly increased.
Your equipment is partially melded.
You can wield a second weapon in your off-hand.
It takes a long time for you to wield or remove held weapons.
Your first few attacks do less damage.
You cannot equip rings or amulets.


Message History

You shoot a sling bullet.
The sling bullet closely misses the acid dragon.
The acid dragon spits acid at you. The splash of acid hits you!
* * * LOW HITPOINT WARNING * * *
The acid corrodes you!
The acid dragon bites you but does no damage.
The acid dragon claws you but does no damage.
You shoot a sling bullet.
The sling bullet hits the acid dragon but does no damage.
The acid dragon is severely wounded.
You shoot a sling bullet.
The sling bullet barely misses the acid dragon.
The acid dragon bites you.
* * * LOW HITPOINT WARNING * * *
The acid dragon claws you but does no damage.
It was a potion of brilliance.
You feel clever all of a sudden. The acid dragon bites you!
* * * LOW HITPOINT WARNING * * *
The acid dragon claws you but does no damage.
The acid dragon bites you!
* * * LOW HITPOINT WARNING * * *
The acid dragon claws you but does no damage.
You feel better.
The acid dragon bites you but does no damage.
The acid dragon claws you but does no damage.
Unknown command.
Okay, then.
Okay, then.
You shoot a sling bullet.
The sling bullet closely misses the acid dragon.
You shoot a sling bullet.
The sling bullet hits the acid dragon but does no damage.
The acid dragon is severely wounded.
The acid dragon bites you!
* * * LOW HITPOINT WARNING * * *
The acid dragon claws you but does no damage.
The acid dragon bites you!
You die...

###### #....###
########### #...D..##
#.........#
#....#.†###.........#
...Dy...##...#.........#
.)......####.#...>.....#
........# #D#.........#
........# #.♣.........#
........# ###.........#
........# #.........#
........# #.........#
#####...###
#......#.#####
..####.#.....# #.#.....#
#.#.....#


You could see an acid dragon (fast).

Vanquished Creatures
  Grinder (D:3)
  A wyvern (D:6)
  2 ice beasts
  A black bear (D:4)
  A sky beast (D:6)
  A centaur (D:6)
  3 ogres
  2 phantoms
  A kobold brigand (Sewer)
  4 bullfrogs
  A scorpion (D:6)
  4 wights (D:8)
  5 killer bees (D:8)
  A howler monkey (D:5)
  2 electric eels (D:7)
  A crimson imp (D:4)
  2 bombardier beetles
  2 hounds
  2 orc priests
  2 sleepcaps
  2 iguanas
  3 orc wizards
  Robin (D:2)
  7 adders
  2 shadow imps
  3 white imps
  4 ufetubi
  4 dart slugs
  A ribbon worm (D:6)
  27 orcs
  11 ball pythons
  8 endoplasms
  2 giant cockroaches
  13 goblins
  10 hobgoblins
  2 jackals (D:2)
  14 kobolds
  5 quokkas
  4 bats
  3 frilled lizards
  2 goblin skeletons (D:4)
  A goblin zombie (D:4)
  A hobgoblin zombie (D:4)
  A kobold zombie (D:4)
  2 orc skeletons (D:4)
  2 orc zombies (D:4)
  7 rats
181 creatures vanquished.

Notes
Turn   | Place    | Note
-------+----------+-------------------------------------------
     0 | D:1      | bananaken the Coglin Hunter began the quest for the Orb.
     0 | D:1      | Reached XP level 1. HP: 16/16 MP: 1/1
    62 | D:1      | Reached skill level 1 in Stealth
    68 | D:1      | Reached XP level 2. HP: 22/22 MP: 2/2
   518 | D:2      | Reached XP level 3. HP: 25/28 MP: 3/3
   610 | D:2      | Found a blossoming altar of Fedhas.
   690 | D:2      | Found Meukhurr's Jewellery Shop.
   834 | D:2      | Reached skill level 4 in Ranged Weapons
   867 | D:2      | Reached XP level 4. HP: 33/34 MP: 4/4
  1010 | D:2      | Identified the +1 helmet of the Eternal Fruit {rPois rC+
                  | Str+3}
  1010 | D:2      | Noticed Robin
  1021 | D:2      | Killed Robin
  1220 | D:3      | Noticed Grinder
  1303 | D:3      | Paralysed by Grinder for 5 turns
  1319 | D:3      | Killed Grinder
  1320 | D:3      | Reached XP level 5. HP: 11/42 MP: 5/5
  1320 | D:3      | Reached XP level 6. HP: 13/48 MP: 6/6
  1907 | D:3      | Found a snail-covered altar of Cheibriados.
  1911 | D:3      | Reached skill level 5 in Ranged Weapons
  2014 | D:4      | Found a shadowy altar of Dithmenos.
  2038 | D:4      | Found an ancient bone altar of Kikubaaqudgha.
  2057 | D:4      | Found an opulent altar of Gozag.
  2065 | D:4      | Reached XP level 7. HP: 55/55 MP: 7/7
  2386 | D:4      | Reached skill level 5 in Fighting
  2386 | D:4      | Reached skill level 6 in Ranged Weapons
  2388 | D:4      | Found Getaarac's Armour Boutique.
  2388 | D:4      | Identified the +2 robe of the Game of Life {Fly rElec Str-4
                  | Dex-5}
  2501 | D:4      | Found a glowing silver altar of Zin.
  2604 | D:4      | Found a glowing golden altar of the Shining One.
  2760 | D:4      | Found a basalt altar of Yredelemnul.
  3084 | D:3      | Learned a level 2 spell: Mercury Vapours
  3130 | D:5      | Entered Level 5 of the Dungeon
  3146 | D:4      | Reached skill level 1 in Alchemy
  3146 | D:4      | Reached XP level 8. HP: 39/62 MP: 8/8
  3284 | D:5      | Found a blossoming altar of Fedhas.
  3455 | D:5      | Found a burning altar of Makhleb.
  3590 | D:5      | Reached skill level 7 in Ranged Weapons
  3888 | D:6      | Noticed a wyvern
  3908 | D:6      | Killed a wyvern
  3928 | D:6      | Reached skill level 5 in Alchemy
  3955 | D:6      | Found a glowing drain.
  3968 | Sewer    | Entered a sewer
  4025 | Sewer    | Reached XP level 9. HP: 65/69 MP: 9/9
  4254 | D:6      | Reached skill level 8 in Ranged Weapons
  4666 | D:6      | Found an iron altar of Okawaru.
  4707 | D:6      | Found a runed translucent door.
  4709 | D:6      | Found a runed translucent door.
  5055 | D:6      | Became a worshipper of Warmaster Okawaru
  5197 | D:7      | Reached skill level 1 in Evocations
  5197 | D:7      | Found a sparkling altar of Nemelex Xobeh.
  5670 | D:7      | Found a bloodstained altar of Trog.
  5731 | D:7      | Found a staircase to the Ecumenical Temple.
  6116 | D:8      | Found a shimmering altar of Xom.
  6183 | D:8      | HP: 4/108 [acid dragon (8)]
  6185 | D:8      | Slain by an acid dragon

Illustrated notes

Levels and vault maps discovered:
D:1:      dpeg_arrival_pond, layout_basic, kennysheep_flooded_box,
          chequers_serial_rivers_small_a
D:2:      layout_loops_ring, serial_shops, nicolae_shop_hallway_plus,
          basic_altar, uniq_robin
D:3:      layout_rooms, slow_altar_2, amcnicky_mini_pool_small, uniq_grinder
D:4:      layout_basic, mainiacjoe_overflow_catwalk,
          nicolae_tso_besieged_by_evil, zin_statuary,
          nicolae_kikubaaqudgha_miasma_corner,
          mainiacjoe_overflow_catch_the_wave, serial_shops, shop,
          minmay_manual_macuahuitl
D:5:      layout_loops_ring, mainiacjoe_overflow_paths,
          mainiacjoe_overflow_brackets, nicolae_houndstooth_variations
D:6:      lemuel_insect_pit, layout_loops_cross, okawaru_trees_2,
          cheibrodos_sewer_entry_sluice
D:7:      wad_lake_hut, layout_rooms, lightli_temple_of_fire,
          mainiacjoe_overflow_tiny_flanked
D:8:      layout_rooms, mainiacjoe_overflow_alcove_4

Skill      XL: |  1  2  3  4  5  6  7  8  9 |
---------------+----------------------------+-----
Stealth        | 1 2 |  2.0
Dodging        | 2 3 |  3.6
Ranged Weapons | 4 5 6 7 8 |  8.7
Fighting       | 3 4 5 6 7 |  7.0
Alchemy        | 1 5 7 |  7.7
Evocations     | 3 |  3.1
Invocations    | |  0.4

Action                     |  1- 3 |  4- 6 |  7- 9 || total
---------------------------+-------+-------+-------++-------
  Melee: Sling             |       |    18 |       ||    18
   Fire: Sling             |   128 |   220 |   626 ||   974
  Evoke: Wand              |       |       |    11 ||    11
    Use: Potion            |       |     2 |     8 ||    10
         Scroll            |       |     1 |    18 ||    19
 Armour: Leather armour    |    11 |    18 |    66 ||    95
         Skin              |       |       |    23 ||    23
  Dodge: Dodged            |    12 |    42 |    78 ||   132

Table legend: (Time is in decaauts)
 A = Elapsed time spent in this place.
 B = Non-inter-level travel time spent in this place.
 C = Inter-level travel time spent in this place.
 D = Time resting spent in this place.
 E = Time spent auto-exploring this place.
 F = Levels seen in this place.
 G = Mean time per level.
                   A        B        C        D        E       F      G
               +--------+--------+--------+--------+--------+-----+--------+
         Total |   6321 |   5957 |    364 |    268 |   4639 |   9 |  702.3 |
       Dungeon |   6019 |   5655 |    364 |    205 |   4482 |   8 |  752.4 |
         Sewer |    302 |    302 |      0 |     63 |    156 |   1 |  302.0 |
               +--------+--------+--------+--------+--------+-----+--------+

Top non-repeatable levels by time:
     D:4: 1113 daAuts
     D:6: 961 daAuts
     D:3: 855 daAuts
     D:7: 836 daAuts
     D:2: 778 daAuts
     D:5: 711 daAuts
     D:1: 501 daAuts
   Sewer: 302 daAuts
     D:8: 260 daAuts
